 Dungeon Crawl Stone Soup version 0.18-a0-1497-g788d838 (webtiles) character file.

2473 Sargon the Grappler (level 9, -2/80 HPs)
             Began as a Troll Monk on Mar 4, 2016.
             Slain by a wyvern zombie (9 damage)
             ... on level 6 of the Dungeon.
             The game lasted 00:17:50 (4970 turns).

Sargon the Grappler (Troll Monk)                    Turns: 4970, Time: 00:17:50

Health: -2/80      AC:  5    Str: 22 (23) XL:     9   Next: 26%
Magic:  8/8        EV:  5    Int:  3 (6)  God:
Gold:   17         SH: 12    Dex: 12 (13) Spells: 0 memorised, 8 levels left

rFire  + . .     SeeInvis .       - Unarmed
rCold  . . .     Gourm    +     a - +0 robe
rNeg   . . .     Faith    .     t - +0 large shield
rPois  .         Spirit   .     (helmet restricted)
rElec  +         Dismiss  .     (no cloak)
rCorr  +         Reflect  .     (gloves unavailable)
SustAt .         Harm     .     (boots unavailable)
MR     .....     Rnd*Rage +     (no amulet)
Stlth  +.........               z - ring of protection from fire
                                u - ring of resist corrosion

@: not resistant to hostile enchantments, very unstealthy
A: unfitting armour, claws 3, talons 1, berserk 1, fast metabolism 3, gourmand,
regeneration 2, shaggy fur 1, electricity resistance, tough skin 2
a: no special abilities


You were on level 6 of the Dungeon.
You were very full.

You visited 1 branch of the dungeon, and saw 6 of its levels.

You collected 374 gold pieces.
You spent 357 gold pieces at shops.

Inventory:

Armour
 a - a +0 robe (worn)
 t - a +0 large shield (worn)
Jewellery
 u - a ring of resist corrosion (left claw)
 z - a ring of protection from fire (right claw)
Wands
 i - a wand of polymorph (4/24)
 w - a wand of iceblast (9/15)
 y - a wand of flame (29/48)
Scrolls
 c - 17 scrolls of identify
 d - 7 scrolls of remove curse
 h - a scroll of enchant weapon {unknown}
 j - 2 scrolls of recharging {unknown}
 l - 5 scrolls of teleportation {unknown}
 n - 2 scrolls of enchant armour {unknown}
 p - a scroll of fear {unknown}
 q - 2 scrolls of random uselessness {unknown}
 r - a scroll of magic mapping {unknown}
 C - a scroll of immolation {unknown}
 D - a scroll of summoning {unknown}
 F - a scroll of blinking {unknown}
 J - a scroll of amnesia {unknown}
Potions
 e - a potion of degeneration
 g - 3 potions of might
 o - a potion of invisibility
 s - a potion of mutation
 x - a potion of brilliance {unknown}
Books
 B - a book of Burglary

   Spells                             Type                      Level
   a - Swiftness                      Charms/Air                   2
   b - Passwall                       Transmutation/Earth          2
   c - Passage of Golubria            Translocation                4
   d - Lee's Rapid Deconstruction     Earth                        5
   e - Darkness                       Hexes                        6
   f - Invisibility                   Hexes                        6
Comestibles
 b - 5 bread rations
 f - a fruit
 k - 3 meat rations
 G - a slice of pizza
 H - a royal jelly
 I - 2 beef jerkies


   Skills:
 - Level 2.4 Fighting
 - Level 2.5 Dodging
 - Level 1.1 Stealth
 + Level 12.7 Unarmed Combat


You had 8 spell levels left.
You didn't know any spells.

Dungeon Overview and Level Annotations

Branches:
Dungeon (6/15)
 Temple: D:4-7

Altars:
Fedhas
Kikubaaqudgha
Qazlal
Xom
Zin

Shops:
D:6 %?[


Innate Abilities, Weirdness & Mutations

You are too large for most types of armour.
You have claws for hands.
Your metabolism is lightning-fast.
You like to eat raw meat.
You heal very quickly.
You are covered in fur (AC +1).
You have very tough skin (AC +2).
You have sharp toenails.
You tend to lose your temper in combat.
You are resistant to electric shocks.


Message History

The wyvern zombie bites you!
* * * LOW HITPOINT WARNING * * *
There is an open door, spattered with blood here.
You block the wyvern zombie's attack.
The wyvern zombie completely misses you.
You block the wyvern zombie's attack. The wyvern zombie bites you.
* * * LOW HITPOINT WARNING * * *
The wyvern zombie bites you.
* * * LOW HITPOINT WARNING * * *
There is an open door, spattered with blood here.
You block the wyvern zombie's attack. The wyvern zombie bites you!
* * * LOW HITPOINT WARNING * * *
You see here 2 mutagenic chunks of flesh.
You block the wyvern zombie's attack. The wyvern zombie bites you.
* * * LOW HITPOINT WARNING * * *
The wyvern zombie bites you!
You die...

#.(....#....#.........#....
###########.####.#######.#.
.....#####)####.##.###....
.........).)............#.
....#.#...................
........#...............#.
....#.#.########..###.#...
###........#.###..###.#...
##..[..@.#...'......#...
#.....Z.#...#......#...
#.......#..##..#####...
####....#..##..#######.
#....#........#...(.
#....#........+...#(
#....#..##..#####'#.
#)...#..##..####..#.
#####....#..#...#.....#.


You could see a wyvern zombie.

Vanquished Creatures
  An ugly thing (D:6)
  Sigmund (D:3)
  Eustachio (D:5)
  An ice beast (D:5)
  3 sky beasts
  A phantom (D:6)
  An ogre (D:6)
  3 centaurs
  3 scorpions
  2 centaur zombies
  3 hounds
  4 giant frog skeletons
  3 iguanas
  3 orc wizards (D:5)
  3 worker ants
  A hound skeleton (D:6)
  9 gnolls
  13 adders
  A shadow imp (D:6)
  An ooze (D:3)
  An adder zombie (D:5)
  An adder skeleton (D:4)
  6 worms
  2 dart slugs
  3 giant geckos
  13 orcs
  A ball python (D:4)
  4 bat skeletons (D:3)
  3 bat zombies (D:3)
  7 goblins
  9 hobgoblins
  7 kobolds
  6 quokkas
  6 bats
  4 giant newts
  7 rats
138 creatures vanquished.

Vanquished Creatures (others)
  A bush (D:4)
1 creature vanquished.

Grand Total: 139 creatures vanquished

Notes
Turn   | Place    | Note
--------------------------------------------------------------
     0 | D:1      | Sargon the Troll Monk began the quest for the Orb.
     0 | D:1      | Reached XP level 1. HP: 22/22 MP: 0/0
   614 | D:1      | Reached XP level 2. HP: 29/29 MP: 1/1
   991 | D:2      | Reached skill level 5 in Unarmed Combat
   991 | D:2      | Reached XP level 3. HP: 9/36 MP: 2/2
  1156 | D:2      | Reached XP level 4. HP: 37/44 MP: 3/3
  1206 | D:2      | Found a glowing silver altar of Zin.
  1655 | D:2      | Reached skill level 6 in Unarmed Combat
  1865 | D:3      | Reached XP level 5. HP: 46/50 MP: 4/4
  1971 | D:3      | Found a stormy altar of Qazlal.
  2169 | D:3      | Noticed Sigmund
  2270 | D:3      | Killed Sigmund
  2270 | D:3      | Reached skill level 7 in Unarmed Combat
  2270 | D:3      | Reached XP level 6. HP: 47/59 MP: 5/5
  2370 | D:3      | Found an ancient bone altar of Kikubaaqudgha.
  2447 | D:3      | Found a shimmering altar of Xom.
  2562 | D:4      | Reached skill level 8 in Unarmed Combat
  2738 | D:4      | Found a blossoming altar of Fedhas.
  2757 | D:4      | Reached XP level 7. HP: 43/66 MP: 6/6
  2822 | D:4      | Reached skill level 9 in Unarmed Combat
  3275 | D:5      | Entered Level 5 of the Dungeon
  3432 | D:5      | Noticed Eustachio
  3456 | D:5      | Killed Eustachio
  3456 | D:5      | Reached skill level 10 in Unarmed Combat
  3497 | D:5      | Reached XP level 8. HP: 53/74 MP: 7/7
  4225 | D:6      | Reached skill level 11 in Unarmed Combat
  4632 | D:6      | Found Weffaijytt's Antique Armour Shop.
  4641 | D:6      | Reached skill level 12 in Unarmed Combat
  4684 | D:6      | Reached XP level 9. HP: 64/80 MP: 8/8
  4747 | D:6      | Found Wenomut's Magic Scroll Emporium.
  4751 | D:6      | Bought a scroll of remove curse for 33 gold pieces
  4751 | D:6      | Bought a scroll of identify for 22 gold pieces
  4751 | D:6      | Bought a scroll of identify for 22 gold pieces
  4751 | D:6      | Bought a scroll of identify for 22 gold pieces
  4751 | D:6      | Bought a scroll of identify for 22 gold pieces
  4751 | D:6      | Bought a scroll of identify for 22 gold pieces
  4751 | D:6      | Bought 3 scrolls of identify for 66 gold pieces
  4765 | D:6      | Found Exyloyh's Food Boutique.
  4769 | D:6      | Bought a slice of pizza for 19 gold pieces
  4769 | D:6      | Bought a royal jelly for 26 gold pieces
  4769 | D:6      | Bought a beef jerky for 19 gold pieces
  4769 | D:6      | Bought a beef jerky for 19 gold pieces
  4769 | D:6      | Bought a meat ration for 65 gold pieces
  4865 | D:6      | Noticed a red ugly thing
  4881 | D:6      | Gained mutation: You tend to lose your temper in combat. [potion of mutation]
  4881 | D:6      | Gained mutation: You are resistant to electric shocks. [potion of mutation]
  4881 | D:6      | Gained mutation: You have sharp toenails. [potion of mutation]
  4884 | D:6      | HP: 5/120 [red ugly thing (6)]
  4885 | D:6      | Killed a red ugly thing
  4970 | D:6      | Slain by a wyvern zombie

Vault maps used:
D:1:      dpeg_arrival_signposts
D:2:      minmay_item_behind_shaft, lemuel_tele_altar
D:3:      grunt_qazlal_clouds, tgw_xom, kennysheep_vampire_church, uniq_sigmund
D:4:      first_bread, fedhas_bush_and_centaur_altar
D:5:      uniq_eustachio
D:6:      minitemple, serial_shops, shop, shop_fountains, shop,
          nicolae_shop_trees, serial_glass, glass_columns_b, glass_columns_c,
          glass_columns_a, glass_columns_a, uniq_duvessa,
          uniq_crazy_yiuf_cottage

Skill      XL: |  1  2  3  4  5  6  7  8 |
---------------+-------------------------+-----
Unarmed Combat | 5 6 7 8 10 12 | 12.7
Fighting       | |  2.4
Dodging        | |  2.5
Stealth        | |  1.1

Action                   |  1- 3 |  4- 6 |  7- 9 || total
-------------------------+-------+-------+-------++-------
Melee: Unarmed           |    57 |   160 |   236 ||   453
  Use: Scroll            |       |       |     2 ||     2
       Potion            |       |       |     7 ||     7
 Stab: Sleeping          |     1 |     2 |     1 ||     4
       Distracted        |       |     2 |       ||     2
  Eat: Fruit             |     1 |       |       ||     1
       Chunk             |     7 |    16 |    22 ||    45
       Bread ration      |     1 |       |       ||     1
